 Dungeon Crawl Stone Soup version 0.29-a0-266-gf56f883ddd (webtiles) character file.

Game seed: 12944720900172270238

260 Zonian the Chiller (level 5, 0/35 HPs)
             Began as a Demonspawn Ice Elementalist on Mar 7, 2022.
             Was an Initiate of Gozag.
             Slain by a mummy (13 damage)
             ... on level 4 of the Dungeon.
             The game lasted 00:15:46 (5494 turns).

Zonian the Chiller (Demonspawn Ice Elementalist)    Turns: 5494, Time: 00:15:47

Health: 0/35       AC:  5    Str:  9    XL:     5   Next: 95%
Magic:  9/10       EV: 13    Int: 18    God:    Gozag
Gold:   391        SH:  0    Dex: 15    Spells: 3/10 levels left

rFire   . . .      SeeInvis +   d - +1 dagger (speed)
rCold   . . .      Faith    .   (no shield)
rNeg    . . .      Spirit   .   a - +0 robe
rPois   .          Reflect  .   i - +2 helmet {SInv}
rElec   .          Harm     .   (no cloak)
rCorr   .          Rampage  .   (no gloves)
Will    +....                   (no boots)
Stlth   +++.......              (no amulet)
HPRegen 0.11/turn               g - ring of willpower
MPRegen 0.12/turn               (no ring)

@: no status effects
A: thin skeletal structure 1
a: Renounce Religion, Potion Petition, Call Merchant, Bribe Branch


You were on level 4 of the Dungeon.
You worshipped Gozag.
Gozag was aware of your devotion.
You visited 1 branch of the dungeon, and saw 4 of its levels.

You collected 418 gold pieces.
You paid 27 gold pieces to Gozag.

Inventory:

Hand Weapons
 c - a +0 dagger
 d - a +1 dagger of speed (weapon)
 f - a +0 broad axe
Armour
 a - a +0 robe (worn)
 i - a +2 helmet of see invisible (worn)
Jewellery
 g - a ring of willpower (left hand)
Wands
 h - a wand of flame (4)
Scrolls
 e - a scroll of identify
 j - a scroll of blinking
 l - a scroll of immolation
Potions
 b - a potion of magic
 k - a potion of flight


   Skills:
 - Level 3.1 Dodging
 + Level 3.4 Stealth
 + Level 3.3 Spellcasting
 + Level 4.5 Ice Magic


You had 3 spell levels left.
You knew the following spells:

 Your Spells              Type           Power      Damage    Failure   Level
a - Freeze                Ice            76%        1d9       2%          1
b - Frozen Ramparts       Ice            38%        1d5       8%          3
c - Ozocubu's Armour      Ice            19%        N/A       8%          3

Your spell library contained the following spells:

 Spells                   Type           Power      Damage    Failure   Level
 Portal Projectile        Hex/Tloc       6%         N/A       43%         3
 Stone Arrow              Conj/Erth      6%         3d7       43%         3
 Tukima's Dance           Hex            3%         N/A       43%         3
 Hailstorm                Conj/Ice       11%        3d5       52%         4
 Anguish                  Hex/Necr       1%         N/A       83%         4
 Blade Hands              Tmut           1%         N/A       99%         5
 Excruciating Wounds      Necr           1%         N/A       99%         5
 Irradiate                Conj/Tmut      1%         3d13      99%         5
 Enfeeble                 Hex            1%         N/A       100%        7
 Spellforged Servitor     Conj/Summ      1%         N/A       100%        7


Dungeon Overview and Level Annotations

Branches:
Dungeon (4/15)             Temple (0/1) D:4

Altars:
Gozag


Innate Abilities, Weirdness & Mutations

You have a somewhat thin skeletal structure. (Dex +2, Stealth+)


Message History

Unknown command.
Casting: Freeze (safe; 2% risk of failure)
Confirm with . or Enter, or press ? or * to list all spells.
Aiming: Freeze (safe; 2% risk of failure)
Press: ? - help, Shift-Dir - straight line, f/p - jelly
Aim: a jelly (severely wounded)
You freeze the jelly.
You kill the jelly!
Unknown command.
You now have 380 gold pieces (gained 6).
You start resting.
You are no longer corroded.
You start resting.
Magic restored.
Unknown command.
You open the door.
Unknown command.
Found 11 gold pieces.
There is an open door here.
You now have 391 gold pieces (gained 11).
You open the door.
A mummy comes into view.
There is an open door here.
The helpless mummy fails to defend itself.
You puncture the mummy!
The mummy is severely damaged.
The mummy hits you!
You barely miss the mummy.
The mummy is severely damaged.
Unknown command.
Casting: Freeze (safe; 2% risk of failure)
Confirm with . or Enter, or press ? or * to list all spells.
Aiming: Freeze (safe; 2% risk of failure)
Press: ? - help, Shift-Dir - straight line, f - mummy
Aim: a mummy (severely damaged)
You freeze the mummy.
The mummy resists.
The mummy is almost destroyed.
The mummy hits you!
You die...
Your body crumbles into a pile of gold.

.............>..##.#
.......#####........
.###.#....S.........
..##.#######....##..
#..#.....# #.......
##.......##........#
##................#
#...........######
#.......#####M@.+
###...#.#.# ###.#
#.....#.# . +.+
......#.# #.#
........# +.+
.....!.## #.#
.....#..# +.+
.....#.... #.#
<........# +.+


You could see a mummy.

Vanquished Creatures
  A bullfrog (D:4)
  A jelly (D:4)
  An orc priest (D:3)
  An orc wizard (D:4)
  3 adders (D:3)
  A worm (D:2)
  5 orcs
  8 endoplasms
  3 giant cockroaches (D:2)
  8 hobgoblins
  5 quokkas
  10 ball pythons
  5 bats
  3 frilled lizards
  8 goblins
  7 kobolds
  8 rats
78 creatures vanquished.

Vanquished Creatures (others)
  A plant (D:1)
  4 toadstools (D:1)
5 creatures vanquished.

Grand Total: 83 creatures vanquished

Notes
Turn   | Place    | Note
-------+----------+-------------------------------------------
     0 | D:1      | Zonian the Demonspawn Ice Elementalist began the quest for
                  | the Orb.
     0 | D:1      | Reached XP level 1. HP: 13/13 MP: 3/3
   582 | D:1      | Gained mutation: You have a somewhat thin skeletal
                  | structure. (Dex +2, Stealth+) [demonic ancestry]
   582 | D:1      | Reached XP level 2. HP: 15/19 MP: 3/5
  1594 | D:2      | Reached XP level 3. HP: 18/24 MP: 3/6
  2042 | D:2      | Found an opulent altar of Gozag.
  2063 | D:2      | Became a worshipper of Gozag Ym Sagoz the Greedy
  2228 | D:2      | Found a faded altar of an unknown god.
  2357 | D:2      | Reached skill level 4 in Ice Magic
  2469 | D:2      | Got the Grimoire of Earthen Confrontation
  2924 | D:3      | Noticed a centaur
  2949 | D:2      | Reached XP level 4. HP: 24/30 MP: 4/7
  3656 | D:2      | Learned a level 3 spell: Frozen Ramparts
  3660 | D:2      | Learned a level 3 spell: Ozocubu's Armour
  4702 | D:4      | Noticed a necrophage
  4992 | D:4      | Noticed a necrophage
  4992 | D:4      | Noticed a necrophage
  5092 | D:4      | Found a staircase to the Ecumenical Temple.
  5106 | D:4      | Reached XP level 5. HP: 31/35 MP: 3/9
  5494 | D:4      | Slain by a mummy

Illustrated notes

Levels and vault maps discovered:
D:1:      ldierk_walled_garden_2, layout_basic
D:2:      layout_loops_ring, ebering_ecumenical_altar_abandoned, basic_altar,
          st_stairs_12
D:3:      layout_loops_ring, nrook_campfire
D:4:      layout_rooms, lemuel_mausoleum_altar_kikubaaqudgha,
          nicolae_uskayaw_en_pointe, minmay_temple_entry_fiery, serial_shops,
          nicolae_shop_statue_plus, lightli_corner_chamber

Skill      XL: |  1  2  3  4  5 |
---------------+----------------+-----
Dodging        | 2 3 |  3.1
Stealth        | 2 3 |  3.4
Ice Magic      | 4 |  4.5
Spellcasting   | 3 |  3.3

Action                   |  1- 3 |  4- 6 || total
-------------------------+-------+-------++-------
Melee: Unarmed           |    20 |       ||    20
       Dagger            |    73 |    45 ||   118
       Punch             |     1 |       ||     1
 Cast: Freeze            |    59 |    39 ||    98
Evoke: Wand              |     1 |     2 ||     3
  Use: Scroll            |     7 |     3 ||    10
       Potion            |       |     1 ||     1
 Stab: Sleeping          |     9 |     2 ||    11
Armor: Robe              |    35 |    18 ||    53
Dodge: Dodged            |   102 |    47 ||   149

Table legend: (Time is in decaauts)
 A = Elapsed time spent in this place.
 B = Non-inter-level travel time spent in this place.
 C = Inter-level travel time spent in this place.
 D = Time resting spent in this place.
 E = Time spent auto-exploring this place.
 F = Levels seen in this place.
 G = Mean time per level.
                   A        B        C        D        E       F      G
               +--------+--------+--------+--------+--------+-----+--------+
         Total |   5476 |   5320 |    156 |   2176 |   1669 |   4 | 1369.0 |
       Dungeon |   5476 |   5320 |    156 |   2176 |   1669 |   4 | 1369.0 |
               +--------+--------+--------+--------+--------+-----+--------+

Top non-repeatable levels by time:
     D:2: 1936 daAuts
     D:1: 1425 daAuts
     D:3: 1297 daAuts
     D:4: 816 daAuts
